 Dungeon Crawl Stone Soup version 0.26.0-8-g74fc34ddfb (webtiles) character file.

Game seed: 12525796887486522861

1272491 GordonOverkill the Conqueror (level 27, 224/224 HPs)
             Began as a Halfling Earth Elementalist on Jan 12, 2021.
             Was an Elder of Okawaru.
             Escaped with the Orb
             ... and 3 runes on Jan 13, 2021!
             The game lasted 07:51:12 (156307 turns).

GordonOverkill the Conqueror (HaEE)               Turns: 156307, Time: 07:51:13

Health: 224/224    AC: 40    Str: 10      XL:     27
Magic:  30/30      EV:  8    Int: 16 (19) God:    Okawaru [****..]
Gold:   4308       SH: 18    Dex: 38      Spells: 21/33 levels left

rFire    + + .     SeeInvis .   a - +6 demon blade (flame)
rCold    + + .     Faith    +   i - +5 buckler "Ijejos" {rN+}
rNeg     + . .     Spirit   .   h - +6 gold dragon scales
rPois    +         Reflect  .   V - +2 helmet of Stoicism {rC+}
rElec    +         Harm     .   g - +2 cloak
rCorr    .         Rampage  +   o - +3 pair of gloves of the Guardian {Dex+5}
Will     ++++.                  p - +1 pair of boots of Eplabal {Rampage}
Stlth    ..........             I - amulet of faith
HPRegen  0.47/turn              M - ring of Impatience {+Fly rElec Will+ Int+4 Dex+2, =R}
MPRegen  0.22/turn              K - ring of Ykhlocru {Wiz rF+ Int+2 Dex+4 Stlth+}

@: no status effects
A: small, strong-willed 1, mutation resistance 1
0: Orb of Zot
}: 3/15 runes: decaying, serpentine, abyssal
a: Renounce Religion, Evoke Flight, Heroism


You escaped.
You worshipped Okawaru.
Okawaru was greatly pleased with you.
You visited 11 branches of the dungeon, and saw 52 of its levels.
You visited the Abyss 1 time.
You visited 1 bazaar.
You visited 1 ziggurat, and saw 5 of its levels.
You also visited: Ice Cave and Volcano.

You collected 8485 gold pieces.
You spent 4177 gold pieces at shops.

Inventory:

Hand Weapons
 a - a +6 demon blade of flaming (weapon)
 b - a +3 fustibalus of freezing
Missiles
 m - 397 sling bullets
 u - 37 stones (quivered)
Armour
 g - a +2 cloak (worn)
 h - +6 gold dragon scales (worn)
 i - the +5 buckler "Ijejos" (worn) {rN+}
   (Okawaru gifted it to you on level 4 of the Snake Pit)

   It protects you from negative energy.
 o - the +3 pair of gloves of the Guardian (worn) {Dex+5}
   (You acquired it on level 5 of the Depths)

   It affects your dexterity (+5).
 p - the +1 pair of boots of Eplabal (worn) {Rampage}
   (Okawaru gifted it to you on level 2 of the Crypt)

   It bestows one free step when moving towards enemies.
 B - the +2 pair of gloves of the Morning Star {rElec rC+}
   (You acquired it on level 2 of the Lair of Beasts)

   It protects you from cold.
   It insulates you from electricity.
 T - a +1 kite shield of cold resistance
 V - the +2 helmet of Stoicism (worn) {rC+}
   (You found it in a volcano)

   It protects you from cold.
Jewellery
 n - the ring of Vugetet {Will+ Dex+3 SInv Stlth+}
   (You bought it in a shop on level 2 of the Depths)

   [ring of see invisible]

   It affects your dexterity (+3).
   It affects your willpower, your defense against some magical effects.
   It lets you see invisible.
   It makes you more stealthy.
 I - an amulet of faith (around neck)
 K - the ring of Ykhlocru (right hand) {Wiz rF+ Int+2 Dex+4 Stlth+}
   (You took it off a deep elf blademaster on level 3 of the Elven Halls)

   [ring of wizardry]

   It improves your spell success rate.
   It affects your intelligence (+2).
   It affects your dexterity (+4).
   It protects you from fire.
   It makes you more stealthy.
 M - the ring of Impatience (left hand) {+Fly rElec Will+ Int+4 Dex+2, =R}
   (You took it off a deep elf annihilator on level 3 of the Elven Halls)

   [ring of flight]

   It affects your intelligence (+4).
   It affects your dexterity (+2).
   It insulates you from electricity.
   It affects your willpower, your defense against some magical effects.
   It lets you fly.
Wands
 v - a wand of iceblast (40)
 x - a wand of digging (1)
 y - a wand of polymorph (7)
 C - a wand of flame (11)
 F - a wand of enslavement (13)
 J - a wand of paralysis (16)
Scrolls
 c - 26 scrolls of remove curse
 d - a scroll of holy word
 j - 19 scrolls of identify
 k - 12 scrolls of immolation
 r - 4 scrolls of fog
 s - 3 scrolls of magic mapping
 G - 4 scrolls of teleportation
 H - 2 scrolls of silence
 W - 3 scrolls of fear
 X - a scroll of amnesia
Potions
 e - a potion of brilliance
 f - a potion of magic
 l - 10 potions of mutation
 z - 2 potions of flight
 A - 3 potions of berserk rage
 D - a potion of might
 L - 2 potions of attraction
 N - a potion of heal wounds
 O - 8 potions of curing
 P - 7 potions of lignification
 R - a potion of invisibility
 U - 2 potions of cancellation
Miscellaneous
 q - a phantom mirror
 w - a condenser vane (inert)
 S - a tin of tremorstones (inert)
 Z - a phantom mirror


   Skills:
 O Level 27 Fighting
 - Level 20.0 Long Blades
 - Level 19.0 Slings
 - Level 15.0 Armour
 - Level 16.0 Dodging
 - Level 3.0 Stealth
 - Level 18.0 Shields
 - Level 3.5 Spellcasting
 - Level 0.4 Hexes
 - Level 4.1 Translocations
 - Level 1.0 Transmutations
 - Level 3.7 Earth Magic
 - Level 10.0 Invocations
 + Level 17.4 Evocations


You had 21 spell levels left.
You knew the following spells:

 Your Spells              Type           Power        Failure   Level
a - Blink                 Tloc           N/A          100%        2
b - Portal Projectile     Hex/Tloc       20%          100%        3
c - Teleport Other        Tloc           16%          100%        3
d - Passage of Golubria   Tloc           N/A          100%        4

Your spell library contained the following spells:

 Spells                   Type           Power        Failure   Level
 Animate Skeleton         Necr           4%           100%        1
 Apportation              Tloc           32%          100%        1
 Beastly Appendage        Tmut           12%          100%        1
 Corona                   Hex            4%           100%        1
 Foxfire                  Conj/Fire      8%           100%        1
 Freeze                   Ice            8%           100%        1
 Magic Dart               Conj           8%           100%        1
 Sandblast                Erth           28%          100%        1
 Sting                    Tmut/Pois      16%          100%        1
 Summon Small Mammal      Summ           8%           100%        1
 Call Imp                 Summ           2%           100%        2
 Corpse Rot               Necr/Air       N/A          100%        2
 Ensorcelled Hibernation  Hex/Ice        6%           100%        2
 Passwall                 Tmut/Erth      8%           100%        2
 Slow                     Hex            4%           100%        2
 Sublimation of Blood     Necr           1%           100%        2
 Wereblood                Tmut           6%           100%        2
 Call Canine Familiar     Summ           2%           100%        3
 Confusing Touch          Hex            4%           100%        3
 Conjure Flame            Conj/Fire      2%           100%        3
 Dazzling Flash           Conj/Hex       6%           100%        3
 Frozen Ramparts          Ice            4%           100%        3
 Gell's Gravitas          Tloc           8%           100%        3
 Ignite Poison            Fire/Tmut/Pois 3%           100%        3
 Inner Flame              Hex/Fire       3%           100%        3
 Lesser Beckoning         Tloc           8%           100%        3
 Mephitic Cloud           Conj/Pois/Air  2%           100%        3
 Ozocubu's Armour         Ice            2%           100%        3
 Spider Form              Tmut/Pois      2%           100%        3
 Stone Arrow              Conj/Erth      16%          100%        3
 Summon Guardian Golem    Hex/Summ       3%           100%        3
 Tukima's Dance           Hex            4%           100%        3
 Vampiric Draining        Necr           1%           100%        3
 Animate Dead             Necr           1%           100%        4
 Cause Fear               Hex            2%           100%        4
 Hailstorm                Conj/Ice       2%           100%        4
 Ice Form                 Ice/Tmut       4%           100%        4
 Iskenderun's Mystic Bla  Conj/Tloc      9%           100%        4
 Leda's Liquefaction      Hex/Erth       4%           100%        4
 Petrify                  Tmut/Erth      10%          100%        4
 Sticky Flame             Conj/Fire      2%           100%        4
 Summon Ice Beast         Ice/Summ       2%           100%        4
 Summon Lightning Spire   Summ/Air       2%           100%        4
 Agony                    Necr           2%           100%        5
 Alistair's Intoxication  Tmut/Pois      2%           100%        5
 Blade Hands              Tmut           3%           100%        5
 Borgnjor's Vile Clutch   Necr/Erth      4%           100%        5
 Fireball                 Conj/Fire      1%           100%        5
 Irradiate                Conj/Tmut      2%           100%        5
 Lee's Rapid Deconstruct  Erth           7%           100%        5
 Silence                  Hex/Air        1%           100%        5
 Yara's Violent Unravell  Hex/Tmut       2%           100%        5
 Conjure Ball Lightning   Conj/Air       1%           100%        6
 Death Channel            Necr           1%           100%        6
 Eringya's Noxious Bog    Tmut/Pois      2%           100%        6
 Hydra Form               Tmut           3%           100%        6
 Invisibility             Hex            4%           100%        6
 Shadow Creatures         Summ           N/A          100%        6
 Simulacrum               Ice/Necr       1%           100%        6
 Starburst                Conj/Fire      1%           100%        6
 Statue Form              Tmut/Erth      6%           100%        6
 Dragon Form              Tmut           3%           100%        7
 Haunt                    Necr/Summ      1%           100%        7
 Spellforged Servitor     Conj/Summ      1%           100%        7
 Summon Hydra             Summ           1%           100%        7
 Borgnjor's Revivificati  Necr           1%           100%        8
 Chain Lightning          Conj/Air       1%           100%        8
 Discord                  Hex            2%           100%        8
 Ignition                 Fire           1%           100%        8
 Infestation              Necr           1%           100%        8
 Lehudib's Crystal Spear  Conj/Erth      4%           100%        8
 Necromutation            Tmut/Necr      2%           100%        8
 Absolute Zero            Ice            1%           100%        9
 Death's Door             Necr           1%           100%        9
 Fire Storm               Conj/Fire      1%           100%        9
 Tornado                  Air            1%           100%        9


Dungeon Overview and Level Annotations

Branches:
Dungeon (15/15)            Temple (1/1) D:7            Lair (6/6) D:11
  Swamp (4/4) Lair:2        Snake (4/4) Lair:2        Slime (0/5) Lair:5
    Orc (2/2) D:9             Elf (3/3) Orc:2        Vaults (4/5) D:14
  Crypt (3/3) Vaults:3       Tomb (0/3) Crypt:3      Depths (5/5) D:15
    Zot (5/5) Depths:5      IceCv (visited)         Volcano (visited)

Altars:
Ashenzari
Cheibriados
Dithmenos
Elyvilon
Fedhas
Gozag
Hepliaklqana
Kikubaaqudgha
Makhleb
Nemelex Xobeh
Okawaru
Qazlal
Ru
Sif Muna
Trog
Uskayaw
Vehumet
Wu Jian
Xom
Yredelemnul
Zin
The Shining One
Beogh
Jiyva
Lugonu

Shops:
Orc:2 [*=(   Elf:3 (   Snake:2 [   Vaults:1 !   Depths:2 *}=}

Portals:
Hell: Depths:1 Depths:2 Depths:3 Depths:4 Depths:5
Abyss: Depths:3 Depths:4 Depths:5
Pandemonium: Depths:3

Annotations:
Lair:3 1 runed translucent door, Loywebes's ghost, journeyman MiFi
Lair:5 1 runed translucent door
Swamp:4 2 transporters, Delarado's ghost, adept MiFi
Orc:1 Jorgrun
Crypt:1 Mennas; Sojobo
Depths:4 2 runed translucent doors
Zot:2 1 transporter
Zot:4 2 runed translucent doors, Pongem's ghost, legendary MiAK
Zot:5 exclusion: orange crystal statue


Innate Abilities, Weirdness & Mutations

You are small and have problems with some larger weapons.
You are somewhat resistant to further mutation.
You are strong-willed. (Will+)


Message History

Press: ? - help, Shift-Dir - straight line A rock wall.
This square is covered in magical glow.
The rock shatters into small pieces.
Unknown command.
There is a stone staircase leading up here.
You climb upwards.
There is a stone staircase leading down here.
You feel like a meek peon again.
Evoke which item? (* to show all) (? for menu, Esc to quit)
Aiming: Dig
Press: ? - help, Shift-Dir - straight line A rock wall.
This square is covered in magical glow.
The rock shatters into small pieces.
You enter the shallow water.
Moving in this stuff is going to be slow.
There is an open door here.
There is a staircase leading out of the dungeon here.
You have escaped!

#≈≈≈≈≈≈≈≈≈≈≈≈≈≈≈≈##.......####
#≈≈≈≈≈≈≈≈≈≈≈#'#≈..######.##
#≈≈≈≈≈≈≈≈≈≈≈#.#≈≈.# #.#
#≈+###≈≈##≈≈#>#≈≈≈# #.# #≈+
#≈≈##≈≈###≈≈.# #.# #≈#
#≈≈≈≈≈≈≈≈≈≈≈≈# #.# #≈≈
≈≈≈≈≈≈#####≈≈######.##### #≈
≈≈≈≈≈≈≈#...#≈.............
≈≈≈≈≈≈≈#.@.#≈≈.###########
#.>.#≈≈.# ≈ #...'≈..#
≈≈#####≈.## ≈≈≈≈≈≈≈≈.#
##≈≈≈≈≈≈≈# ##≈≈≈≈≈≈≈#
≈≈≈≈≈≈≈≈.# ##########


There were no monsters in sight!

Vanquished Creatures
  2 orbs of fire (Zot:5)
  Mara (Crypt:1)
  2 juggernauts
  11 ancient liches
  Boris (twice) (Depths:4 Crypt:1)
  Vashnia (Snake:4)
  2 Killer Klowns (Zot:5)
  the Lernaean hydra (Swamp:4)
  A caustic shrike (Depths:3)
  Frederick (Depths:3)
  9 golden dragons
  Nikola (Snake:1)
  3 bone dragons
  2 pearl dragons (Zig:5)
  the Enchantress (Depths:4)
  2 electric golems (Zot:5)
  15 tentacled monstrosities
  A Hell Sentinel (Depths:5)
  2 liches
  9 quicksilver dragons
  25 Orb Guardians
  A titan (Depths:3)
  3 deep elf blademasters
  2 deep elf master archers (Elf:3)
  4 death cobs
  Kirke (Lair:5)
  2 thorn hunters
  6 ancient champions
  Agnes (Snake:3)
  3 sphinxes
  5 shadow dragons
  14 storm dragons
  4 tengu reavers
  2 draconian monks
  2 revenants
  9 nagarajas
  4 fenstrider witches
  17 fire giants
  A draconian knight (Zot:3)
  12 frost giants
  2 iron dragons (Depths:4)
  5 ghost moths
  A deep elf sorcerer (Depths:4)
  A draconian shifter (Zot:1)
  5 vault wardens
  Aizul (Swamp:2)
  4 orc warlords
  6 spriggan defenders
  6 deep elf elementalists
  3 draconian stormcallers
  A draconian scorcher (Depths:5)
  10 ironheart preservers
  2 reapers
  5 draconian annihilators
  19 very ugly things
  7 ghouls
  The ghost of xfalz the Thaumaturge, a journeyman GnSk of Ashenzari (Swamp:3)
  22 stone giants
  11 vampire knights
  6 green draconians
  8 white draconians
  9 deep elf demonologists
  2 apis (Zig:5)
  10 yellow draconians
  3 entropy weavers
  6 deep elf annihilators (Elf:3)
  4 bunyips
  10 purple draconians
  4 black draconians
  11 red draconians
  20 ettins
  5 spark wasps
  3 eidola
  4 eleionomae
  4 crystal guardians (Depths:3)
  2 green deaths
  2 mummy priests
  6 jiangshi
  15 fire dragons
  12 deep elf death magi
  16 yaktaur captains
  15 great orbs of eyes
  Josephine (Lair:6)
  3 deep elf high priests
  24 hydras
  Harold (D:11)
  15 naga warriors
  10 vault guards
  8 boulder beetles
  3 anacondas
  12 ice dragons
  A hydra (shapeshifter) (Depths:3)
  6 rakshasas
  10 spriggan air magi
  2 death knights
  12 centaur warriors
  Erica (D:8)
  3 merfolk avatars (Swamp:4)
  14 alligators
  24 dancing weapons
  A spectral frost giant (Depths:1)
  3 satyrs (shapeshifter)
  4 death yaks
  18 two-headed ogres
  A lindwurm (shapeshifter) (Zig:3)
  13 deep troll shamans
  5 thrashing horrors (Abyss:3)
  A queen ant (Lair:3)
  12 deep troll earth magi
  13 ogre magi
  7 tengu warriors
  6 vampire magi
  3 orc high priests
  18 naga sharpshooters
  15 hell knights
  3 shock serpents
  A sun demon (Depths:3)
  15 spriggan berserkers
  3 soul eaters
  7 iron trolls
  19 deep elf knights
  A sixfirhy (Abyss:2)
  3 wretched stars
  4 goliath frogs
  32 skeletal warriors
  2 shadow wraiths
  A bunyip zombie (Crypt:3)
  An entropy weaver zombie (Crypt:2)
  A spark wasp zombie (Depths:1)
  3 salamander mystics
  8 large abominations
  An unseen horror (D:10)
  A cherub (Zig:5)
  5 wizards
  3 spriggan druids
  A shadow demon (Zig:4)
  5 flayed ghosts
  3 naga ritualists
  17 swamp dragons
  A golden dragon skeleton (Abyss:3)
  11 deep elf archers
  4 glowing orange brains
  13 ironbrand convokers
  32 deep trolls
  4 bog bodies
  5 harpies (D:14)
  4 phantasmal warriors
  A tengu zombie (Depths:1)
  An obsidian statue (Zot:5)
  11 necromancers
  21 orc knights
  6 wolf spiders
  2 iron dragon zombies
  20 moths of wrath
  2 manticores (D:12)
  3 cyclopes
  2 fire giant zombies
  6 orc sorcerers
  7 will-o-the-wisps
  3 sphinx skeletons
  62 deep elf magi
  3 oklob plants
  A faun (shapeshifter) (Depths:3)
  A salamander (shapeshifter) (D:12)
  A sphinx zombie (Vaults:1)
  A cyclops (shapeshifter) (Depths:3)
  11 mana vipers
  17 salamanders
  A shining eye (Depths:4)
  33 ugly things
  A toenail golem (D:3)
  3 stone giant skeletons
  A moth of wrath (shapeshifter) (Depths:3)
  A centaur zombie (D:15)
  15 vault sentinels
  19 naga magi
  A frost giant skeleton (Depths:1)
  12 elephants
  38 black mambas
  3 smoke demons
  An ice statue (Vaults:3)
  A water nymph (shapeshifter) (Depths:3)
  2 guardian serpents (shapeshifter)
  An eye of devastation (Depths:4)
  3 guardian serpents
  2 yaktaur zombies (Vaults:1)
  A death yak zombie (Crypt:2)
  A dire elephant skeleton (Crypt:2)
  9 cane toads
  3 gargoyles (Volcano)
  A human zombie (Vaults:2)
  A hellion (Depths:5)
  46 yaktaurs
  2 kobold demonologists
  7 freezing wraiths
  5 komodo dragons
  A black draconian skeleton (Crypt:1)
  A sea snake zombie (Crypt:2)
  An efreet (Volcano)
  A redback zombie (D:14)
  A green draconian zombie (Crypt:3)
  3 ancient zymes
  A silent spectre (Abyss:3)
  6 tengu conjurers
  8 trolls
  6 guardian mummies
  3 polar bears
  3 ice devils (IceCv)
  A queen bee (shapeshifter) (Vaults:2)
  10 tyrant leeches
  14 hornets
  3 meliai (D:15)
  A polar bear (shapeshifter) (Vaults:3)
  A hornet (shapeshifter) (D:13)
  3 raiju (Abyss:2)
  20 slime creatures
  11 blink frogs
  A blink frog (shapeshifter) (Elf:1)
  2 fire giant simulacra
  A death drake skeleton (Crypt:2)
  A dream sheep (shapeshifter) (Depths:4)
  28 dream sheep
  A stone giant simulacrum (Vaults:3)
  2 ice dragon zombies
  3 flying skulls (Crypt:3)
  2 spriggans (shapeshifter)
  A fire dragon zombie (Depths:1)
  4 air elementals
  2 redbacks (Vaults:4)
  A redback (shapeshifter) (D:14)
  12 spriggans
  A hog (shapeshifter) (Vaults:4)
  2 ettin skeletons
  10 water elementals
  50 yaks
  10 wraiths
  5 wyverns
  A ynoxinul (Abyss:2)
  A human (shapeshifter) (Elf:3)
  A shadow (D:13)
  A black mamba skeleton (Crypt:1)
  A tyrant leech zombie (Crypt:3)
  A basilisk (shapeshifter) (Vaults:2)
  3 chaos spawn (Abyss:3)
  5 hogs
  2 basilisks
  7 vampire mosquitoes (Swamp:3)
  5 fire elementals
  3 neqoxecs
  17 swamp worms
  A swamp worm (shapeshifter) (Vaults:2)
  4 soldier ants (Lair:3)
  3 acid dragons
  A gelid demonspawn zombie (Crypt:1)
  61 nagas
  7 wargs
  15 water moccasins
  A soldier ant (shapeshifter) (Depths:2)
  An orb spider zombie (Crypt:1)
  A merfolk skeleton (Crypt:1)
  A merfolk zombie (Crypt:1)
  5 floating eyes
  10 small abominations
  A cane toad skeleton (Crypt:2)
  12 swamp drakes
  34 orc warriors
  8 black bears
  A boulder beetle simulacrum (Vaults:2)
  3 ice beasts
  4 sky beasts
  2 ettin simulacra
  An eye of draining (D:15)
  A hornet zombie (D:7)
  19 wolves
  2 phantoms
  6 necrophages
  45 ogres
  12 boggarts
  9 centaurs
  9 big kobolds
  26 bullfrogs
  3 earth elementals (Elf:2)
  3 gnoll sergeants (D:9)
  A wyvern zombie (D:14)
  A scorpion (shapeshifter) (Depths:1)
  A water moccasin skeleton (Crypt:2)
  4 scorpions
  12 killer bees
  A wyvern skeleton (Crypt:1)
  A snapping turtle simulacrum (Crypt:2)
  An orc simulacrum (Vaults:1)
  23 wights
  2 howler monkeys
  A wolf zombie (Crypt:1)
  3 electric eels
  2 quasits
  A wolf skeleton (Crypt:3)
  2 bullfrog zombies
  3 jellies
  7 hounds
  23 orc wizards
  14 orc priests
  2 bullfrog skeletons
  3 centaur skeletons
  An iron imp (Abyss:2)
  10 iguanas
  A basilisk skeleton (Crypt:3)
  6 hell rats (Lair:6)
  23 worker ants
  A killer bee zombie (Crypt:3)
  A dwarf skeleton (Crypt:2)
  3 hound skeletons
  4 mummies (Zig:2)
  2 howler monkey zombies
  Robin (D:3)
  10 gnolls
  16 adders
  An adder (shapeshifter) (Vaults:2)
  A howler monkey skeleton (D:5)
  2 shadow imps
  16 white imps
  An ufetubus (Abyss:3)
  An iguana zombie (Crypt:3)
  2 oozes
  A worm zombie (Crypt:2)
  A halfling skeleton (Crypt:2)
  An adder skeleton (D:7)
  An adder zombie (Crypt:1)
  3 worms (D:2)
  4 leopard geckos
  86 orcs
  4 giant cockroaches
  10 goblins
  10 hobgoblins
  15 jackals
  2 quokkas (D:5)
  A ball python (D:3)
  8 bats
  10 frilled lizards
  20 kobolds
  2 quokka zombies
  4 rats
  A rat skeleton (Crypt:2)
  A river rat zombie (Crypt:3)
  A spectral orc (D:8)
  2 bushes
  5 crawling corpses
  A lurking horror (Abyss:3)
2359 creatures vanquished.

Vanquished Creatures (others)
  A sphinx (Zig:3)
  3 fire giants
  A draconian knight (Zot:4)
  A draconian stormcaller (Depths:5)
  A deep elf knight (Elf:1)
  A deep elf archer (Elf:2)
  A large abomination (Abyss:3)
  A bloated husk (Swamp:4)
  A water elemental (Depths:5)
  A neqoxec (Abyss:2)
  A small abomination (Abyss:3)
  2 bushes
  44 foxfires
  90 fungi
  2 lurking horrors
  118 plants
269 creatures vanquished.

Grand Total: 2628 creatures vanquished

Notes
Turn   | Place    | Note
-------+----------+-------------------------------------------
     0 | D:1      | GordonOverkill the Halfling Earth Elementalist began the
                  | quest for the Orb.
     0 | D:1      | Reached XP level 1. HP: 11/11 MP: 3/3
   275 | D:1      | Reached XP level 2. HP: 18/18 MP: 2/4
  1298 | D:2      | Reached XP level 3. HP: 22/22 MP: 1/5
  1349 | D:2      | Reached skill level 1 in Fighting
  1349 | D:2      | Reached skill level 1 in Transmutations
  1635 | D:2      | Reached skill level 1 in Slings
  1635 | D:2      | Reached XP level 4. HP: 28/28 MP: 4/6
  1818 | D:2      | Found a glowing golden altar of the Shining One.
  1822 | D:2      | Became a worshipper of the Shining One
  1831 | D:2      | Found a sacrificial altar of Ru.
  1896 | D:2      | Learned a level 3 spell: Stone Arrow
  2405 | D:3      | Found an ancient bone altar of Kikubaaqudgha.
  2409 | D:3      | Found a white marble altar of Elyvilon.
  2409 | D:3      | Found a blossoming altar of Fedhas.
  3033 | D:3      | Reached XP level 5. HP: 33/33 MP: 8/8
  3124 | D:3      | Noticed Robin
  3126 | D:3      | Reached skill level 1 in Invocations
  3174 | D:3      | Killed Robin
  3355 | D:3      | Found an opulent altar of Gozag.
  3602 | D:4      | Noticed an ogre
  3706 | D:3      | Reached skill level 2 in Fighting
  3817 | D:4      | Noticed an ogre
  4067 | D:4      | Reached XP level 6. HP: 28/39 MP: 5/9
  4423 | D:4      | Killed an ogre
  4466 | D:4      | Found a bloodstained altar of Trog.
  4650 | D:4      | Noticed a phantom
  4665 | D:4      | Killed a phantom
  4666 | D:4      | Reached skill level 5 in Slings
  4666 | D:4      | Reached skill level 1 in Evocations
  4666 | D:4      | Reached XP level 7. HP: 38/45 MP: 0/10
  4920 | D:4      | Found a burning altar of Makhleb.
  4922 | D:4      | Found a glowing silver altar of Zin.
  4922 | D:4      | Noticed an angel
  4923 | D:4      | Noticed a cacodemon
  5160 | D:4      | Reached skill level 3 in Fighting
  5422 | D:4      | Found a burning altar of Makhleb.
  5425 | D:4      | Found a glowing silver altar of Zin.
  5563 | D:4      | Found a bloodstained altar of Trog.
  5636 | D:5      | Entered Level 5 of the Dungeon
  5644 | D:5      | Reached XP level 8. HP: 52/52 MP: 11/11
  5907 | D:5      | Reached * piety under the Shining One
  5911 | D:5      | Reached XP level 9. HP: 57/57 MP: 12/12
  7006 | D:6      | Reached skill level 1 in Armour
  7011 | D:6      | Found a shimmering altar of Xom.
  7021 | D:6      | Found a broken altar of Ashenzari.
  7024 | D:6      | Found a sparkling altar of Nemelex Xobeh.
  7024 | D:6      | Found a shimmering blue altar of Sif Muna.
  7401 | D:7      | Found a staircase to the Ecumenical Temple.
  7605 | D:7      | Reached ** piety under the Shining One
  8527 | D:8      | Noticed a two-headed ogre
  8583 | D:8      | Noticed a two-headed ogre
  8631 | D:8      | Noticed Erica
  8711 | D:8      | Killed a two-headed ogre
  8712 | D:8      | Reached skill level 4 in Fighting
  8712 | D:8      | Reached XP level 10. HP: 49/63 MP: 13/13
  9145 | D:8      | Killed a two-headed ogre
  9146 | D:8      | Reached skill level 5 in Invocations
  9229 | D:8      | Found a basalt altar of Yredelemnul.
 10029 | D:9      | Reached *** piety under the Shining One
 10417 | D:9      | Reached skill level 5 in Fighting
 10453 | D:8      | Reached XP level 11. HP: 30/71 MP: 12/15
 11036 | D:8      | Reached skill level 5 in Dodging
 12291 | D:9      | Found a staircase to the Orcish Mines.
 12416 | D:9      | Noticed a two-headed ogre
 12437 | D:9      | Noticed a mana viper
 12437 | D:9      | a two-headed ogre changed into a mana viper
 12690 | D:10     | Entered Level 10 of the Dungeon
 13188 | D:10     | Reached skill level 6 in Fighting
 14322 | D:10     | Noticed an unseen horror
 14333 | D:10     | Killed an unseen horror
 14816 | D:10     | Reached **** piety under the Shining One
 15109 | D:11     | Noticed a red ugly thing
 15272 | D:11     | Found a frozen archway.
 15329 | IceCv    | Entered an ice cave
 15369 | IceCv    | Reached ***** piety under the Shining One
 15370 | IceCv    | Reached skill level 7 in Fighting
 16534 | D:11     | Reached XP level 12. HP: 82/82 MP: 18/18
 16596 | D:11     | Reached skill level 8 in Fighting
 16679 | D:11     | Found a staircase to the Lair.
 16944 | D:11     | Noticed Harold
 17865 | D:11     | Paralysed by a hornet for 1 turns
 18145 | Lair:1   | Entered Level 1 of the Lair of Beasts
 18219 | D:11     | Paralysed by a hornet for 1 turns
 18858 | Temple   | Entered the Ecumenical Temple
 18985 | Temple   | Fell from the grace of the Shining One
 18985 | Temple   | Became a worshipper of Warmaster Okawaru
 19188 | D:4      | Found a bloodstained altar of Trog.
 19546 | D:4      | Found a burning altar of Makhleb.
 19549 | D:4      | Found a glowing silver altar of Zin.
 19690 | D:8      | Reached skill level 1 in Shields
 19760 | D:8      | Killed Erica
 20998 | D:12     | Reached * piety under Okawaru
 21388 | D:13     | Noticed an eight-headed hydra
 21506 | D:12     | Noticed a centaur warrior
 21525 | D:12     | Killed a centaur warrior
 21748 | D:12     | Paralysed by a hornet for 3 turns
 22348 | D:11     | Reached skill level 9 in Fighting
 22348 | D:11     | Reached skill level 5 in Evocations
 22562 | Lair:1   | Reached ** piety under Okawaru
 23262 | Lair:1   | Noticed a five-headed hydra
 23274 | Lair:1   | Killed a five-headed hydra
 23275 | Lair:1   | Reached skill level 5 in Shields
 23509 | Lair:2   | Identified the Compendium of Supportive Unholy Magic
 23635 | Lair:2   | Reached XP level 13. HP: 84/90 MP: 19/19
 23871 | Lair:2   | Found a staircase to the Snake Pit.
 24213 | Lair:2   | Noticed an eight-headed hydra
 24758 | Lair:2   | Killed an eight-headed hydra
 25191 | Lair:2   | Noticed an eight-headed hydra
 25214 | Lair:2   | Killed an eight-headed hydra
 25215 | Lair:2   | Reached skill level 10 in Fighting
 25277 | Lair:2   | Noticed a five-headed hydra
 25713 | Lair:2   | Found a staircase to the Snake Pit.
 25862 | Lair:2   | Killed a five-headed hydra
 26248 | Lair:2   | Found a staircase to the Swamp.
 26758 | Lair:2   | Reached *** piety under Okawaru
 26854 | Lair:3   | Noticed a six-headed hydra
 26994 | Lair:3   | You fall into a shaft and drop 1 floor!
 27748 | Lair:4   | Reached **** piety under Okawaru
 28497 | Lair:5   | Found a runed translucent door.
 28575 | Lair:5   | Received a gift from Okawaru
 28611 | Lair:5   | Reached skill level 10 in Shields
 28632 | Lair:5   | Reached XP level 14. HP: 75/99 MP: 18/20
 28730 | Lair:5   | Found a dark tunnel.
 28740 | Volcano  | Entered a volcano
 28742 | Volcano  | Got a heavily runed helmet
 28753 | Volcano  | Identified the +2 helmet of Stoicism {rC+} (You found it in
                  | a volcano)
 29608 | Lair:5   | Reached ***** piety under Okawaru
 29894 | Lair:5   | Received a gift from Okawaru
 30216 | Lair:5   | Received a gift from Okawaru
 30781 | Lair:5   | Noticed an acid blob
 30782 | Lair:5   | Found a viscous altar of Jiyva.
 30782 | Lair:5   | Found a staircase to the Slime Pits.
 31137 | Lair:6   | Entered Level 6 of the Lair of Beasts
 31726 | Lair:6   | Noticed Kirke
 31765 | Lair:5   | Received a gift from Okawaru
 32735 | Lair:5   | Found a runed translucent door.
 32735 | Lair:5   | Found a viscous altar of Jiyva.
 32735 | Lair:5   | Found a staircase to the Slime Pits.
 32983 | Lair:5   | Killed Kirke
 32983 | Lair:5   | Received a gift from Okawaru
 33716 | Lair:6   | Received a gift from Okawaru
 34347 | Lair:6   | Reached skill level 11 in Fighting
 34461 | Lair:6   | Noticed Josephine
 34484 | Lair:6   | Killed Josephine
 34485 | Lair:6   | Reached XP level 15. HP: 96/106 MP: 22/22
 34605 | Lair:6   | Noticed Sonja
 34606 | Lair:6   | Noticed Sonja
 34606 | Lair:6   | Sonja changed into Sonja the acid dragon
 34618 | Lair:6   | Killed Sonja the acid dragon
 34908 | Lair:6   | Reached skill level 10 in Invocations
 35455 | Lair:3   | Received a gift from Okawaru
 35636 | Lair:3   | Reached skill level 10 in Evocations
 35757 | Lair:3   | Received a gift from Okawaru
 35833 | Lair:3   | Found a runed translucent door.
 35833 | Lair:3   | Identified the cursed +1 spear "Demnimor" {drain, *Contam
                  | +Fly Str+4}
 35834 | Lair:3   | Noticed Loywebes's ghost (journeyman MiFi)
 35950 | Lair:3   | Identified a scroll of acquirement
 35951 | Lair:3   | Acquired a manual of Shields
 36871 | D:11     | Killed Harold
 37244 | D:12     | Noticed a frost giant
 37272 | D:12     | Received a gift from Okawaru
 37749 | D:12     | Killed a frost giant
 38226 | D:12     | Noticed a tengu reaver
 38648 | D:12     | Received a gift from Okawaru
 38964 | D:12     | Noticed a fire giant
 39464 | Orc:1    | Entered Level 1 of the Orcish Mines
 39576 | Orc:2    | Entered Level 2 of the Orcish Mines
 39576 | Orc:2    | Found a staircase to the Elven Halls.
 40043 | Orc:2    | Received a gift from Okawaru
 40437 | Orc:1    | Found a roughly hewn altar of Beogh.
 41211 | Orc:1    | Noticed Jorgrun
 41212 | Orc:1    | Reached skill level 12 in Fighting
 41327 | Orc:2    | Found Pefym's Jewellery Boutique.
 41842 | Orc:2    | Found Quavup's Antique Weapon Boutique.
 42096 | Orc:2    | Received a gift from Okawaru
 42150 | Orc:2    | Found Kidurof's General Store.
 42158 | Orc:2    | Bought a scroll of fear for 45 gold pieces
 42158 | Orc:2    | Bought a scroll of enchant armour for 97 gold pieces
 42158 | Orc:2    | Bought a scroll of holy word for 97 gold pieces
 42158 | Orc:2    | Bought a potion of lignification for 39 gold pieces
 42192 | Orc:2    | Noticed an orc warlord
 42308 | Orc:2    | Killed an orc warlord
 42735 | Orc:2    | Found Zuhe's Antique Armour Emporium.
 42743 | Orc:2    | Bought a bloodstained ring mail for 270 gold pieces
 42743 | Orc:2    | Identified the +1 ring mail of a Labyrinth {rC+} (You
                  | bought it in a shop on level 2 of the Orcish Mines)
 42768 | Orc:2    | Found a radiant altar of Vehumet.
 42902 | Orc:2    | Bought an embroidered scarf for 240 gold pieces
 42987 | Orc:2    | Bought a +4 ring of protection for 432 gold pieces
 42989 | Orc:2    | Bought a +4 ring of protection for 432 gold pieces
 43554 | D:9      | Found a staircase to the Orcish Mines.
 43710 | D:12     | Received a gift from Okawaru
 43932 | D:13     | You fall into a shaft and drop 2 floors!
 43932 | D:15     | Entered Level 15 of the Dungeon
 44147 | D:14     | Reached XP level 16. HP: 116/116 MP: 23/23
 44184 | D:14     | Reached skill level 15 in Shields
 44403 | D:14     | You fall into a shaft and drop 1 floor!
 44425 | D:15     | Received a gift from Okawaru
 44718 | D:15     | Paralysed by an orc sorcerer for 4 turns
 44753 | D:14     | Reached skill level 13 in Fighting
 45443 | D:14     | Received a gift from Okawaru
 45696 | D:14     | Found a gate to the Vaults.
 45733 | D:14     | Received a gift from Okawaru
 45967 | D:14     | Reached skill level 14 in Fighting
 46568 | D:13     | Received a gift from Okawaru
 47302 | D:15     | Received a gift from Okawaru
 47468 | D:15     | Received a gift from Okawaru
 47688 | D:15     | Received a gift from Okawaru
 47893 | D:15     | Reached skill level 15 in Fighting
 48065 | D:15     | Found a staircase to the Depths.
 48658 | Snake:1  | Entered Level 1 of the Snake Pit
 48821 | Swamp:1  | Entered Level 1 of the Swamp
 49081 | Swamp:1  | Reached XP level 17. HP: 103/127 MP: 24/24
 49987 | Swamp:1  | Noticed a thorn hunter
 50146 | Swamp:1  | Killed a thorn hunter
 52259 | Snake:1  | Received a gift from Okawaru
 52439 | Lair:2   | Acquired the +2 pair of gloves of the Morning Star {rElec
                  | rC+}
 52474 | Snake:1  | Noticed Nikola
 52752 | Snake:1  | Killed Nikola
 52953 | Snake:1  | Received a gift from Okawaru
 53164 | Snake:1  | Received a gift from Okawaru
 53294 | Snake:1  | Identified the ring "Reekhlio" {*Corrode rPois rN+ SInv
                  | Stlth+}
 53660 | Snake:1  | Found a shimmering blue altar of Sif Muna.
 55108 | Snake:2  | Identified the +1 chain mail of Vehumet's Envy {rElec rF+
                  | Dex+2 Slay-4} (You found it on level 2 of the Snake Pit)
 55577 | Snake:2  | Found Ynel Bipt's Armour Shop.
 55864 | Snake:2  | Reached XP level 18. HP: 133/135 MP: 25/25
 56771 | Snake:3  | Received a gift from Okawaru
 57113 | Snake:3  | Noticed Agnes
 57137 | Snake:3  | Killed Agnes
 57137 | Snake:3  | Received a gift from Okawaru
 57276 | Snake:3  | Reached skill level 16 in Fighting
 57338 | Snake:3  | Identified the +9 halberd of Capital Punishment {elec,
                  | *Corrode Dex+6}
 58551 | Snake:4  | Entered Level 4 of the Snake Pit
 58812 | Snake:4  | Noticed Vashnia
 58844 | Snake:4  | Received a gift from Okawaru
 59241 | Snake:4  | Killed Vashnia
 59774 | Snake:4  | Got a translucent buckler {god gift}
 59775 | Snake:4  | Identified the +5 buckler "Ijejos" {rN+} (Okawaru gifted it
                  | to you on level 4 of the Snake Pit)
 60892 | Snake:4  | Reached skill level 17 in Fighting
 61902 | Snake:4  | Reached XP level 19. HP: 130/144 MP: 26/26
 61969 | Snake:4  | Received a gift from Okawaru
 62527 | Snake:4  | Received a gift from Okawaru
 62684 | Snake:4  | Got a serpentine rune of Zot
 63048 | Vaults:1 | Entered Level 1 of the Vaults
 63908 | D:14     | Reached skill level 18 in Fighting
 64027 | D:14     | Paralysed by a hornet for 3 turns
 65312 | D:14     | Found a gate to the Vaults.
 65802 | Vaults:1 | Found Itzuonlokh's Distillery.
 65809 | Vaults:1 | Bought a potion of heal wounds for 105 gold pieces
 65809 | Vaults:1 | Bought a potion of heal wounds for 105 gold pieces
 65809 | Vaults:1 | Bought a potion of cancellation for 168 gold pieces
 65809 | Vaults:1 | Bought a potion of curing for 63 gold pieces
 65809 | Vaults:1 | Bought a potion of curing for 63 gold pieces
 65809 | Vaults:1 | Bought a potion of curing for 63 gold pieces
 65861 | Vaults:1 | You fall into a shaft and drop 1 floor!
 66237 | Vaults:1 | Received a gift from Okawaru
 67708 | Vaults:1 | Reached skill level 19 in Fighting
 68711 | Vaults:2 | Received a gift from Okawaru
 68983 | Vaults:2 | Received a gift from Okawaru
 69276 | Vaults:2 | Reached XP level 20. HP: 117/156 MP: 27/27
 71075 | Vaults:2 | Received a gift from Okawaru
 71353 | Vaults:2 | Identified Fimig's Catalogue of Toxins and Darkness
 71384 | Vaults:2 | Reached skill level 20 in Fighting
 71559 | Vaults:2 | Received a gift from Okawaru
 72469 | Vaults:1 | Received a gift from Okawaru
 72671 | Vaults:1 | Cast into level 2 of the Abyss (death knight)
 72826 | Abyss:2  | Reached skill level 5 in Armour
 73123 | Abyss:2  | Found a viscous altar of Jiyva.
 73204 | Abyss:2  | Received a gift from Okawaru
 73390 | Abyss:3  | Noticed a Brimstone Fiend
 73689 | Abyss:3  | Noticed a bone dragon
 73751 | Abyss:3  | Killed a bone dragon
 73751 | Abyss:3  | Received a gift from Okawaru
 74067 | Abyss:3  | Got an abyssal rune of Zot
 74083 | Abyss:3  | Received a gift from Okawaru
 74228 | Abyss:3  | Received a gift from Okawaru
 74237 | Vaults:1 | Escaped the Abyss
 74393 | Vaults:1 | Reached XP level 21. HP: 53/164 MP: 21/28
 74935 | Elf:1    | Entered Level 1 of the Elven Halls
 76134 | Elf:1    | Received a gift from Okawaru
 76410 | Elf:1    | Received a gift from Okawaru
 76946 | Elf:2    | Received a gift from Okawaru
 77860 | Elf:2    | Found a runed translucent gate.
 77860 | Elf:2    | Found a runed translucent gate.
 77860 | Elf:2    | Found a runed translucent gate.
 78331 | Elf:2    | Reached skill level 10 in Dodging
 79199 | Elf:2    | Received a gift from Okawaru
 79290 | Elf:2    | Reached skill level 10 in Armour
 80148 | Elf:2    | Learned a level 2 spell: Blink
 80152 | Elf:2    | Learned a level 3 spell: Portal Projectile
 80156 | Elf:2    | Learned a level 3 spell: Teleport Other
 80161 | Elf:2    | Learned a level 4 spell: Passage of Golubria
 80187 | Elf:3    | Entered Level 3 of the Elven Halls
 80476 | Elf:3    | Reached skill level 1 in Translocations
 81439 | Elf:3    | Reached XP level 22. HP: 172/172 MP: 29/29
 81699 | Elf:3    | Found Zicw's Antique Weapon Boutique.
 81707 | Elf:3    | Bought a runed hunting sling for 139 gold pieces
 81889 | Elf:3    | Identified the ring of Ykhlocru {Wiz rF+ Int+2 Dex+4
                  | Stlth+}
 81907 | Elf:3    | Received a gift from Okawaru
 82256 | Elf:3    | Identified the +8 plate armour of Divine Compulsion {Dex+2
                  | Slay+2}
 82645 | Elf:3    | Identified the ring of Impatience {+Fly rElec Will+ Int+4
                  | Dex+2}
 82928 | Elf:3    | Identified the cursed ring of Pylaoneh {rN+ EV-4 Int+3
                  | Slay+2}
 83032 | Elf:3    | Identified the ring "Xitatt" {rPois Stlth+}
 83054 | Elf:3    | Received a gift from Okawaru
 83241 | Elf:3    | Found the +3 giant club "Skullcrusher" {speed, Str+7}
 83722 | Vaults:1 | Received a gift from Okawaru
 83735 | Vaults:1 | Got a faintly humming buckler {god gift}
 83736 | Vaults:1 | Identified the +3 buckler "Keperiaq" {rC+ Str+2 Stlth+}
                  | (Okawaru gifted it to you on level 1 of the Vaults)
 84468 | Vaults:2 | Reached skill level 21 in Fighting
 85971 | Vaults:2 | Identified the Compendium of Warped Unholy Rites
 86335 | Vaults:3 | Received a gift from Okawaru
 86857 | Vaults:3 | Found a gateway to a bazaar.
 86891 | Bazaar   | Entered a bazaar
 86892 | Bazaar   | Found Gimulof's General Store.
 86892 | Bazaar   | Found Tieveuv's Jewellery Shop.
 86893 | Bazaar   | Found Luoruf's Magic Scroll Emporium.
 86924 | Bazaar   | Found Anujuvae's General Store.
 86932 | Bazaar   | Bought a scroll of teleportation for 42 gold pieces
 86932 | Bazaar   | Bought 2 potions of invisibility for 224 gold pieces
 86932 | Bazaar   | Bought a scroll of magic mapping for 49 gold pieces
 86946 | Bazaar   | Bought a scroll of fog for 24 gold pieces
 86946 | Bazaar   | Bought 3 scrolls of teleportation for 108 gold pieces
 86946 | Bazaar   | Bought a scroll of fear for 42 gold pieces
 86946 | Bazaar   | Bought a scroll of teleportation for 36 gold pieces
 86946 | Bazaar   | Bought a scroll of enchant weapon for 90 gold pieces
 86964 | Bazaar   | Bought a potion of curing for 45 gold pieces
 86964 | Bazaar   | Bought a potion of heal wounds for 75 gold pieces
 87637 | Vaults:3 | Found a staircase to the Crypt.
 87637 | Vaults:3 | Found an ancient bone altar of Kikubaaqudgha.
 87638 | Vaults:3 | Found a basalt altar of Yredelemnul.
 89167 | Vaults:4 | Reached XP level 23. HP: 180/180 MP: 30/30
 89278 | Vaults:4 | Received a gift from Okawaru
 89914 | Vaults:4 | Received a gift from Okawaru
 90158 | Vaults:4 | Received a gift from Okawaru
 90342 | Vaults:4 | Got a brightly glowing crystal plate armour {god gift}
 90343 | Vaults:4 | Identified the +2 crystal plate armour "Jysihan" {Regen+}
                  | (Okawaru gifted it to you on level 4 of the Vaults)
 91604 | Swamp:2  | Noticed Aizul
 91638 | Swamp:2  | Killed Aizul
 92150 | Swamp:2  | Found a sacrificial altar of Ru.
 93491 | Swamp:3  | Found a runed translucent gate.
 93491 | Swamp:3  | Found a runed translucent gate.
 93491 | Swamp:3  | Found a runed translucent gate.
 93492 | Swamp:3  | Noticed xfalz's ghost (journeyman GnSk)
 93627 | Swamp:3  | Received a gift from Okawaru
 94186 | Swamp:3  | Killed xfalz's ghost
 94356 | Swamp:4  | Entered Level 4 of the Swamp
 94394 | Swamp:4  | Identified the cursed +1 war axe "Sekkac" {flame, +Blink
                  | rC- Will+}
 94561 | Swamp:4  | Noticed Delarado's ghost (adept MiFi)
 94561 | Swamp:4  | Identified the +4 quarterstaff of Quantum Leap {vorpal,
                  | +Rage rElec Dex+3}
 94595 | Swamp:4  | Found a transporter.
 94598 | Swamp:4  | Found a bloodstained altar of Trog.
 94607 | Swamp:4  | Found a transporter.
 94774 | Swamp:4  | Received a gift from Okawaru
 95618 | Swamp:4  | Received a gift from Okawaru
 95632 | Swamp:4  | Noticed the 27-headed Lernaean hydra
 95649 | Swamp:4  | Killed the 27-headed Lernaean hydra
 95650 | Swamp:4  | Reached XP level 24. HP: 147/189 MP: 26/30
 95763 | Swamp:4  | Received a gift from Okawaru
 96203 | Swamp:4  | Got a decaying rune of Zot
 96993 | Depths:1 | Entered Level 1 of the Depths
 97574 | Depths:1 | Noticed an ancient lich
 97579 | Depths:1 | Reached skill level 22 in Fighting
 98052 | D:15     | Paralysed by a vampire knight for 5 turns
 98247 | Depths:1 | Killed an ancient lich
 98268 | Depths:1 | Received a gift from Okawaru
 99029 | Depths:1 | Identified the Incunabulum of Darkness
 99138 | Depths:1 | Received a gift from Okawaru
100196 | Depths:1 | Found a gateway to Hell.
100903 | Depths:1 | Found a gateway to Hell.
101045 | Depths:2 | Received a gift from Okawaru
101368 | Depths:2 | Received a gift from Okawaru
102375 | Depths:2 | Found Vobrooh's Gadget Shoppe.
102376 | Depths:2 | Found Abawij's Jewellery Shop.
102377 | Depths:2 | Found Ydghalam's Gadget Shoppe.
102387 | Depths:2 | Bought a wand of acid (7) for 462 gold pieces
102389 | Depths:2 | Bought the ring of Vugetet {Will+ Dex+3 SInv Stlth+} for
                  | 440 gold pieces
102802 | Depths:2 | Reached XP level 25. HP: 172/197 MP: 30/30
102934 | Depths:2 | Found Mitz's General Store.
102937 | Depths:2 | Bought a wand of iceblast (9) for 182 gold pieces
103027 | Depths:2 | Received a gift from Okawaru
103051 | Depths:2 | Reached skill level 15 in Armour
103061 | Depths:2 | Reached skill level 15 in Dodging
104347 | Depths:3 | Received a gift from Okawaru
104849 | Depths:3 | Received a gift from Okawaru
104861 | Depths:3 | Reached ****** piety under Okawaru
104947 | Depths:3 | Found a glowing silver altar of Zin.
104953 | Depths:3 | Found a glowing golden altar of the Shining One.
104953 | Depths:3 | Found an ornate altar of the Wu Jian Council.
104953 | Depths:3 | Found an ornate altar of the Wu Jian Council.
105283 | Depths:2 | Reached skill level 23 in Fighting
105597 | Depths:3 | Noticed a juggernaut
105975 | Depths:1 | Killed a juggernaut
106140 | Depths:3 | Paralysed by a great orb of eyes for 5 turns
107073 | Depths:3 | Received a gift from Okawaru
107185 | Depths:3 | Got a faintly humming plate armour {god gift}
107186 | Depths:3 | Identified the +1 plate armour of the Ward {Str+3} (Okawaru
                  | gifted it to you on level 3 of the Depths)
107819 | Depths:3 | Reached skill level 24 in Fighting
107936 | Depths:3 | Noticed a juggernaut
107969 | Depths:3 | Killed a juggernaut
108020 | Depths:3 | Reached XP level 26. HP: 197/207 MP: 30/30
108175 | Depths:3 | Found a one-way gate leading to the halls of Pandemonium.
109384 | Depths:3 | Found a one-way gate to the infinite horrors of the Abyss.
110797 | Depths:3 | Identified the +1 plate armour "Haef" {*Drain Int+9 Dex+4
                  | Slay-2} (You found it on level 3 of the Depths)
110865 | Depths:4 | Found a corrupted altar of Lugonu.
110971 | Depths:4 | Received a gift from Okawaru
111998 | Depths:3 | Received a gift from Okawaru
111999 | Depths:3 | Reached skill level 25 in Fighting
112353 | Depths:3 | Paralysed by a great orb of eyes for 2 turns
112775 | Depths:4 | Found a gateway to a ziggurat.
114816 | Depths:4 | Found a runed translucent door.
114849 | Depths:4 | Received a gift from Okawaru
115139 | Depths:4 | Found a runed translucent door.
115400 | Depths:5 | Entered Level 5 of the Depths
115414 | Depths:5 | Reached XP level 27. HP: 195/219 MP: 30/30
115709 | Depths:5 | Noticed the Enchantress
116214 | Depths:4 | Killed the Enchantress
116799 | Depths:5 | Acquired 1130 gold pieces
116823 | Depths:5 | Acquired the +3 pair of gloves of the Guardian {Dex+5}
116835 | Depths:5 | Noticed Frederick
117022 | Depths:4 | Reached skill level 26 in Fighting
117742 | Depths:3 | Killed Frederick
118437 | Depths:4 | Received a gift from Okawaru
120695 | Depths:5 | Found a gate to the Realm of Zot.
121030 | Depths:5 | Received a gift from Okawaru
121112 | Depths:5 | Paralysed by a floating eye for 4 turns
121541 | Depths:5 | Noticed Boris
121630 | Depths:4 | Received a gift from Okawaru
121952 | Depths:4 | Killed Boris
121953 | Depths:4 | Reached skill level 15 in Evocations
122813 | Zot:1    | Entered Level 1 of the Realm of Zot
123539 | Depths:3 | Got a crude trident
123827 | Crypt:1  | Entered Level 1 of the Crypt
123961 | Crypt:1  | Reached skill level 1 in Long Blades
124246 | Crypt:1  | Noticed Mara
124499 | Crypt:1  | Received a gift from Okawaru
124514 | Crypt:1  | Noticed GordonOverkill's illusion
124680 | Crypt:1  | Noticed GordonOverkill's illusion
124695 | Crypt:1  | Killed Mara
124900 | Crypt:1  | Reached skill level 5 in Long Blades
124954 | Crypt:1  | Noticed Mennas
125664 | Zot:1    | Received a gift from Okawaru
126079 | Zot:1    | Received a gift from Okawaru
126997 | Zot:2    | Found a transporter.
127968 | Zot:2    | Received a gift from Okawaru
127984 | Zot:2    | Got an ichor-stained hat {god gift}
127985 | Zot:2    | Identified the +0 hat of Ciap {+Inv Str+2} (Okawaru gifted
                  | it to you on level 2 of the Realm of Zot)
128297 | Zot:2    | Reached skill level 10 in Long Blades
128747 | Zot:2    | Found the +0 mask of the Dragon {Will+ Slay+3 SInv}
131393 | Zot:4    | Received a gift from Okawaru
132554 | Zot:4    | Received a gift from Okawaru
132675 | Zot:4    | Found a large runed translucent door.
132682 | Zot:4    | Found a large runed translucent door.
132685 | Zot:4    | Noticed Pongem's ghost (legendary MiAK)
132809 | Zot:5    | Entered Level 5 of the Realm of Zot
133364 | Zot:4    | Received a gift from Okawaru
133835 | Zot:5    | Received a gift from Okawaru
133838 | Zot:5    | Got a shimmering eveningstar {god gift}
133839 | Zot:5    | Identified the +7 eveningstar "Axecyu" {vorpal, *Rage +Inv
                  | Will+ Dex+4} (Okawaru gifted it to you on level 5 of the
                  | Realm of Zot)
133969 | Zot:5    | Reached skill level 15 in Long Blades
134858 | Zig:1    | Entered Level 1 of a ziggurat
134881 | Zig:2    | Entered Level 2 of a ziggurat
135105 | Zig:3    | Entered Level 3 of a ziggurat
135156 | Zig:4    | Entered Level 4 of a ziggurat
135306 | Zig:5    | Entered Level 5 of a ziggurat
135347 | Zig:5    | Received a gift from Okawaru
135352 | Zig:5    | Reached skill level 27 in Fighting
135358 | Zig:5    | Received a gift from Okawaru
135722 | Zig:5    | Got an ichor-stained cloak
135723 | Zig:5    | Identified the -6 cloak of Wu Jian's Approval {Will+ Dex+4}
                  | (You found it on level 5 of a ziggurat)
135975 | Crypt:1  | Noticed Sojobo
136315 | Crypt:2  | Received a gift from Okawaru
137030 | Crypt:2  | Received a gift from Okawaru
137060 | Crypt:2  | Got a pair of bloodstained boots {god gift}
137061 | Crypt:2  | Identified the +1 pair of boots of Eplabal {Rampage}
                  | (Okawaru gifted it to you on level 2 of the Crypt)
137279 | Crypt:3  | Entered Level 3 of the Crypt
138943 | Crypt:3  | Found a staircase to the Tomb.
139263 | Crypt:3  | Identified the ring of Deqoh {rElec rN+ Int+5 Slay-6 SInv}
139534 | Crypt:3  | Noticed an ancient lich
140211 | Crypt:1  | Noticed Boris
140237 | Crypt:1  | Killed Boris
141798 | Zot:5    | Noticed an orb of fire
141804 | Zot:5    | Gained mutation: You tend to lose your temper in combat.
                  | [an orb of fire]
141815 | Zot:5    | Gained mutation: Scrolls take you a little longer to read.
                  | [an orb of fire]
141816 | Zot:5    | Killed an orb of fire
141836 | Zot:5    | Lost mutation: Scrolls take you a little longer to read.
                  | [potion of mutation]
141836 | Zot:5    | Lost mutation: You tend to lose your temper in combat.
                  | [potion of mutation]
141836 | Zot:5    | Gained mutation: You are strong-willed. (Will+) [potion of
                  | mutation]
141965 | Zot:5    | Noticed an ancient lich
142015 | Zot:5    | Killed an ancient lich
142030 | Zot:5    | Noticed an ancient lich
142031 | Zot:5    | Noticed a Killer Klown
142074 | Zot:5    | Killed a Killer Klown
142085 | Zot:5    | Killed an ancient lich
142525 | Zot:5    | Received a gift from Okawaru
142534 | Zot:5    | Noticed an ancient lich
142549 | Zot:5    | Killed an ancient lich
142694 | Zot:5    | Noticed an ancient lich
142761 | Zot:5    | Noticed a Killer Klown
142773 | Zot:5    | Noticed an ancient lich
142786 | Zot:5    | Killed an ancient lich
142810 | Zot:5    | Killed an ancient lich
142810 | Zot:5    | Received a gift from Okawaru
142938 | Zot:5    | Killed a Killer Klown
144220 | Zot:5    | Noticed an ancient lich
144248 | Zot:5    | Killed an ancient lich
145526 | Zot:5    | Noticed an orb of fire
145570 | Zot:5    | Killed an orb of fire
150370 | Zot:5    | Noticed an ancient lich
150404 | Zot:5    | Killed an ancient lich
151092 | Zot:5    | Noticed an ancient lich
151123 | Zot:5    | Killed an ancient lich
151462 | Zot:5    | Noticed an ancient lich
151497 | Zot:5    | Killed an ancient lich
151497 | Zot:5    | Received a gift from Okawaru
153033 | Zot:5    | Noticed an ancient lich
153061 | Zot:5    | Killed an ancient lich
153875 | Zot:5    | Received a gift from Okawaru
153914 | Zot:5    | Identified Sif Muna's Almanac of the Warped Snowflakes
155376 | Zot:5    | Got the Orb of Zot
155455 | Zot:2    | Noticed Tasofaz the pandemonium lord
155871 | D:12     | Noticed Tipyo the pandemonium lord
155893 | D:11     | Noticed Umuabuf the pandemonium lord
156307 | D:$      | Escaped with the Orb!

Illustrated notes

Levels and vault maps discovered:
D:1:      minmay_arrival_floating_metal, layout_loops_ring
D:2:      layout_basic, amethyst_overflow_temple_binary
D:3:      kb_forest_paths, layout_basic, grunt_temple_overflow_open,
          kennysheep_minor_cross, grunt_gozag_statues, uniq_robin
D:4:      layout_basic, grunt_temple_overflow_order_and_chaos_2,
          lemuel_coloured_pillars_altar
D:5:      minmay_recursive_quarters, layout_gridville
D:6:      layout_basic, overflow_temple_1_default,
          gammafunk_temple_overflow_forgotten
D:7:      layout_gridville, minmay_temple_entry_gardened_gates
D:8:      layout_cave_pods, yredelemnul_forgotten_temple_becter,
          serial_column_ruins, column_ruins_hut, column_ruins_corridor_corner,
          column_ruins_columns_corner, column_ruins_grid_3,
          column_ruins_columns_T, column_ruins_open_medium_water,
          column_ruins_grid_4, uniq_erica
D:9:      layout_roguey, kennysheep_orc_monster_closet_entryway
D:10:     layout_irregular_city, grunt_ministairs_12
D:11:     layout_irregular_city, due_lair_maze_entry_diamond,
          portal_ice_cave_entry_imps, uniq_harold
D:12:     minmay_octo_star, layout_basic
D:13:     layout_cave_pools, nrook_loot_triangle, chequers_serial_rivers_room_b
D:14:     layout_irregular_city, skrybe_vaults_entry_preservation,
          hangedman_decor_clover_reticule, serial_glass, glass_columns_b,
          glass_columns_a, grunt_ministairs_9, kennysheep_crisscross
D:15:     hangedman_depths_entry_civil_slaughter, layout_rooms,
          minmay_misc_feat_doors
Temple:   nicolae_temple_figure_zero
Lair:1:   layout_cave_pods
Lair:2:   layout_long_grid, palyth_hydra_swamp_entry,
          minmay_snake_entry_six_corridors, st_stairs_12,
          grunt_forest_stairs_clearing, grunt_megastairs_4
Lair:3:   layout_cave_pods, ebering_ghost_funeral_grove, minmay_another_anthill
Lair:4:   layout_gridlike, minmay_lair_oklob_bushes, serial_bayou_pond_e
Lair:5:   layout_roguey, slime_altar_2, nicolae_volcano_entry_two_sided,
          minmay_lair_oklob_items, wad_woods_river_02
Lair:6:   due_jungle_book, layout_cave_pods, serial_bayou_crossing,
          grunt_megastairs_5, lemuel_fruit_tree, uniq_josephine, uniq_kirke,
          uniq_sonja
Swamp:1:  layout_basic_swamp, evilmike_swamp_ruin_house_5
Swamp:2:  layout_basic_swamp, basic_altar, infiniplex_staircase_pool_2,
          uniq_aizul
Swamp:3:  layout_basic_swamp, ebering_ghost_rock_garden, hangedman_swamp_pad
Swamp:4:  swamp_old_school, layout_basic_swamp,
          gammafunk_ghost_wrathful_warriors, swamp_pool5,
          grunt_lady_of_the_lake, infiniplex_staircase_pool
Snake:1:  layout_misc_corridors, grunt_ministairs_12, lemuel_oklob_altar,
          uniq_nikola
Snake:2:  layout_chambers, serial_shops,
          nicolae_shop_temple_entry_statues_fountains
Snake:3:  cheibrodos_snake_lava_hold, layout_basic, uniq_agnes
Snake:4:  minmay_snake_end_coiled, layout_misc_corridors, uniq_vashnia
Orc:1:    layout_caves, basic_altar, lemuel_statue_altar, uniq_jorgrun
Orc:2:    grunt_orc_gardens, layout_diamond_mine, grunt_orc_garden,
          grunt_orc_garden, grunt_orc_garden, grunt_orc_garden, basic_altar
Elf:1:    layout_geoelf_octagon, evilmike_minifort
Elf:2:    layout_loops_corners, guppyfry_library_mini
Elf:3:    elf_hall_gauntlet_narrow, layout_loops_corners, serial_shops, shop,
          serial_sigils, serial_sigils_hangedman_clutch,
          serial_sigils_hangedman_scar, serial_sigils_hangedman_leer
Vaults:1: nicolae_vaults_windows_and_doors_thing,
          nicolae_vaults_lopsided_apartments, nicolae_vaults_asterisk,
          hangedman_vaults_hat, v_pattern_3, vaults_dpeg_ring,
          nicolae_vaults_circle_grid_b, hangedman_vaults_impose, v_misc_3,
          nicolae_vaults_rhombus_7, layout_vaults_ring, serial_shops, shop
Vaults:2: v_misc_1, nicolae_vaults_three_branches,
          nicolae_vaults_little_squares_6, v_pattern_5, grunt_vaults_swirl,
          v_misc_29, st_greater_box_3, v_misc_25, vaults_dpeg_spiral, v_misc_17,
          ontoclasm_vaults_eye, layout_vaults_maze_snakey
Vaults:3: v_rooms_4, minmay_crypt_entry_necro_gods, vaults_dpeg_doors,
          nicolae_vaults_inception_scallops, grunt_vaults_twisty,
          vaults_room_hallway, ontoclasm_vaults_shuriken, grunt_vaults_funnel,
          vaults_room_pool, vaults_dpeg_hooks, layout_vaults_chaotic_city,
          serial_shops, statue_bzr
Vaults:4: hangedman_vaults_variations, vaults_dpeg_cross, v_rooms_2,
          nicolae_vaults_quartermaster, ontoclasm_vaults_gateway, v_misc_33,
          v_alt_pattern_1, v_misc_28, nicolae_vaults_circle_grid_b,
          hangedman_vaults_corner_blocks, layout_vaults_big_cross
Crypt:1:  layout_rooms, grunt_crypt_arrival_split, uniq_sojobo, uniq_mara,
          uniq_mennas
Crypt:2:  layout_gridlike
Crypt:3:  david_glass_crypt, layout_gridlike, tomb_entry_shell_bobbens
Depths:1: layout_twisted_cross, special_room [special_room_morgue],
          grunt_hell_entry_dis_mu, corexii_hall_statues_i,
          kennysheep_generic_room_5, serial_bayou_shore_b
Depths:2: minmay_angry_zag, layout_gridlike, hangedman_decor_slide_cut,
          pf_coc_iceberg, serial_shops, shop, grunt_megastairs_3,
          minmay_staircase_bubble, minmay_shop_grove
Depths:3: minmay_the_grid_ultimate [minmay_the_grid_prize_inner_circle,
          minmay_the_grid_prize_shrinking_boxes, minmay_the_grid_prize_big_room,
          minmay_the_grid_prize_four_corners,
          minmay_the_grid_square_5x5_broken_cross,
          minmay_the_grid_square_5x5_longway,
          minmay_the_grid_square_5x5_minibox,
          minmay_the_grid_square_5x5_three_small,
          minmay_the_grid_square_5x5_plus,
          minmay_the_grid_square_5x5_checkered_statues,
          minmay_the_grid_square_5x5_meh, minmay_the_grid_square_5x5_misaligned,
          minmay_the_grid_square_5x5_eight_small,
          minmay_the_grid_square_5x5_inner_v, minmay_the_grid_square_5x5_empty,
          minmay_the_grid_square_5x5_two,
          minmay_the_grid_square_5x5_two_walls_a,
          minmay_the_grid_square_5x5_comb,
          minmay_the_grid_square_5x5_doubleslash,
          minmay_the_grid_triangle_9x9_wacky_v,
          minmay_the_grid_triangle_9x9_zippers_horizontal,
          minmay_the_grid_triangle_9x9_dagger,
          minmay_the_grid_triangle_9x9_swiss_cheese,
          minmay_the_grid_triangle_9x9_corrupted_corridor,
          minmay_the_grid_triangle_9x9_steps,
          minmay_the_grid_triangle_9x9_alien,
          minmay_the_grid_triangle_9x9_semitri,
          minmay_the_grid_triangle_9x9_corruption,
          minmay_the_grid_triangle_9x9_longest,
          minmay_the_grid_triangle_9x9_odd_lines,
          minmay_the_grid_triangle_9x9_flanged_cone,
          minmay_the_grid_triangle_9x9_checkered,
          minmay_the_grid_triangle_9x9_thin_v,
          minmay_the_grid_triangle_9x9_warning,
          minmay_the_grid_triangle_9x9_skeleton,
          minmay_the_grid_square_5x5_checkered_sparse,
          minmay_the_grid_octo_chip, minmay_the_grid_octo_horde,
          minmay_the_grid_octo_shrine, minmay_the_grid_octo_77,
          minmay_the_grid_octo_focus, minmay_the_grid_octo_checkered,
          minmay_the_grid_octo_odd_swirl, minmay_the_grid_octo_tetromino_candy,
          minmay_the_grid_minigrid_medium, minmay_the_grid_artifice,
          minmay_the_grid_box_x, minmay_the_grid_broken_lines], pan_entry,
          hell_entry, abyss_entry
Depths:4: cheibrodos_witchhunters_guild, layout_long_grid, enter_ziggurat_c,
          pf_vacation_house_of_asmodeus, hangedman_decor_lopped,
          abyss_entry_flame_altar, firewood_loft
Depths:5: grunt_zot_entry_alcove, layout_cave_pools, hell_entry, abyss_entry,
          uniq_boris, uniq_enchantress, uniq_frederick
Zot:1:    layout_gridlike, zot_minivault_3
Zot:2:    layout_basic, st_stairs_2, chequers_guarded_unrand_mask_of_the_dragon
Zot:3:    kennysheep_blocky_room, layout_misc_corridors
Zot:4:    layout_misc_corridors, ebering_ghost_disaster_area
Zot:5:    layout_misc_corridors, grunt_ministairs_14

Skill      XL: |  1  2  3  4  5  6  7  8  9 10 11 12 13 14 15 16 17 18 19 20 21 22 23 24 25 26 27 |
---------------+----------------------------------------------------------------------------------+-----
Fighting       | 1 2 3 4 5 7 9 10 11 12 15 17 19 20 21 22 24 25 27 | 27.0
Transmutations | 1 |  1.0
Slings         | 1 3 5 17 18 19 | 19.0
Stealth        | 3 |  3.0
Spellcasting   | 2 3 |  3.5
Invocations    | 1 2 3 4 5 8 9 10 | 10.0
Evocations     | 1 2 3 5 8 9 10 11 12 13 14 17 | 17.4
Armour         | 2 3 4 7 10 11 13 14 15 | 15.0
Dodging        | 3 4 5 7 10 11 13 14 15 16 | 16.0
Shields        | 5 10 11 14 15 17 18 | 18.0
Translocations | 2 4 |  4.1
Long Blades    | 20 | 20.0
Hexes          | |  0.4
Earth Magic    | |  3.7

Action                   |  1- 3 |  4- 6 |  7- 9 | 10-12 | 13-15 | 16-18 | 19-21 | 22-24 | 25-27 || total
-------------------------+-------+-------+-------+-------+-------+-------+-------+-------+-------++-------
Melee: Dagger            |     5 |    27 |       |       |       |       |       |       |       ||    32
       Spear             |       |       |       |     7 |       |       |       |       |       ||     7
       Scimitar          |       |       |       |       |    72 |     6 |       |       |       ||    78
       Unarmed           |       |       |       |       |     4 |       |       |       |       ||     4
       Hunting sling     |       |       |       |       |       |       |     1 |       |       ||     1
       Fustibalus        |       |       |       |       |       |       |     1 |       |       ||     1
       Demon blade       |       |       |       |       |       |       |       |       |  3056 ||  3056
 Fire: Hunting sling     |       |    79 |   317 |  1795 |  2875 |  2854 |  1886 |   514 |       || 10320
       Fustibalus        |       |       |       |       |       |       |  1437 |  2693 |  3647 ||  7777
Throw: Stone             |     7 |       |       |       |       |       |       |       |     2 ||     9
       Boomerang         |    31 |    64 |       |       |       |       |       |       |       ||    95
       Throwing net      |       |       |       |     1 |       |       |       |     2 |     7 ||    10
 Cast: Sandblast         |    43 |    46 |    10 |       |       |       |       |       |       ||    99
       Stone Arrow       |       |     2 |       |       |       |       |       |       |       ||     2
Invok: Divine Shield     |       |       |       |     1 |       |       |       |       |       ||     1
       Cleansing Flame   |       |       |       |     2 |       |       |       |       |       ||     2
       Summon Divine War |       |       |       |     1 |       |       |       |       |       ||     1
       Heroism           |       |       |       |    12 |   100 |    33 |    39 |    36 |   100 ||   320
       Finesse           |       |       |       |       |     1 |     6 |     9 |     7 |    22 ||    45
Evoke: Wand              |       |       |    13 |     7 |     7 |     5 |    41 |     2 |    70 ||   145
       Condenser vane    |       |       |       |     1 |     1 |     2 |     2 |     3 |    11 ||    20
       Tin of tremorston |       |       |       |       |     4 |     2 |     6 |     8 |    20 ||    40
       Phantom mirror    |       |       |       |       |       |       |       |       |     6 ||     6
  Use: Scroll            |       |     1 |     7 |    17 |    21 |    17 |     8 |    18 |    42 ||   131
       Potion            |       |     1 |     3 |     5 |     5 |     4 |    26 |     6 |    30 ||    80
 Stab: Invisible         |       |       |       |       |       |       |       |       |    29 ||    29
       Held in net/web   |       |       |       |       |       |       |       |       |    20 ||    20
Armor: Robe              |     4 |     8 |       |       |       |       |       |       |       ||    12
       Leather armour    |       |    12 |     8 |       |       |       |       |       |       ||    20
       Scale mail        |       |       |    22 |   237 |    82 |   383 |   338 |    15 |       ||  1077
       Steam dragon scal |       |       |       |    11 |   129 |       |       |       |       ||   140
       Skin              |       |       |       |     4 |       |       |       |       |       ||     4
       Plate armour      |       |       |       |       |       |       |       |   774 |   590 ||  1364
       Gold dragon scale |       |       |       |       |       |       |       |       |  1793 ||  1793
Dodge: Dodged            |    21 |    85 |    41 |   467 |   715 |   434 |   464 |   439 |  1082 ||  3748
Block: Other             |       |       |       |     1 |       |       |       |       |       ||     1
       Kite shield       |       |       |       |   113 |   844 |   808 |       |       |       ||  1765
       Buckler           |       |       |       |       |       |    81 |   903 |  1207 |  3362 ||  5553
       Rpst.: Demon blade |       |       |       |       |       |       |       |       |    84 ||    84
